 Dungeon Crawl Stone Soup version 0.24-a0-251-g44e327ef01 (webtiles) character file.

Game seed: 14347204838040722465

6156 Redear the Blocker (level 11, -8/86 HPs)
             Began as a Formicid Fighter on Apr 17, 2019.
             Was a High Priest of Okawaru.
             Mangled by a swamp worm (21 damage)
             ... on level 8 of the Dungeon.
             The game lasted 00:26:13 (9399 turns).

Redear the Blocker (Formicid Fighter)               Turns: 9399, Time: 00:26:13

Health: -8/86      AC:  9    Str: 20    XL:     11   Next: 13%
Magic:  16/16      EV: 13    Int:  9    God:    Okawaru [*****.]
Gold:   489        SH: 11    Dex: 13    Spells: 10/10 levels left

rFire    + . .     SeeInvis +   y - +7 whip of Hyssusk {flame, rF+}
rCold    . . .     Gourm    .   c - +0 shield
rNeg     . . .     Faith    .   b - +0 scale mail
rPois    .         Spirit   .   (helmet unavailable)
rElec    .         Reflect  .   (no cloak)
rCorr    .         Harm     .   (no gloves)
MR       +....                  g - +0 pair of boots
Stlth    ..........             (no amulet)
HPRegen  0.24/turn              (no ring)
MPRegen  0.15/turn              (no ring)

@: no status effects
A: permanent stasis, dig shafts and tunnels, four strong arms, antennae 3
a: Dig, Shaft Self, Heroism, Finesse, Renounce Religion


You were on level 8 of the Dungeon.
You worshipped Okawaru.
Okawaru was extremely pleased with you.
You were near starving.

You visited 1 branch of the dungeon, and saw 8 of its levels.
You also visited: Sewer and Ossuary.

You collected 489 gold pieces.

Inventory:

Hand Weapons
 a - a +0 war axe
 f - the +7 trident of Japhogib {holy, Dex+4 SInv}
   (You found it on level 5 of the Dungeon)

   It has been blessed by the Shining One to cause great damage to the undead
   and demons.
   It affects your dexterity (+4).
   It lets you see invisible.
 y - the +7 whip of Hyssusk (weapon) {flame, rF+}
   (You found it on level 4 of the Dungeon)

   It has been specially enchanted to burn those struck by it, causing extra
   injury to most foes and up to half again as much damage against particularly
   susceptible opponents.
   It protects you from fire.
 B - a +2 scimitar of flaming
Missiles
 O - 44 bolts
Armour
 b - a +0 scale mail (worn)
 c - a +0 shield (worn)
 g - a +0 pair of boots (worn)
 m - a +1 robe of cold resistance
 v - a cursed +0 leather armour
 H - a +2 robe of magic resistance {MR+}
Jewellery
 k - an uncursed ring of poison resistance {unknown}
 x - an uncursed amulet of faith {unknown}
 D - a +5 ring of slaying {unknown}
 F - a cursed ring of teleportation {unknown}
 N - an uncursed amulet of guardian spirit {unknown}
 P - an uncursed ring of protection from magic {unknown}
Wands
 e - a wand of disintegration (9)
 q - a wand of polymorph (7)
 u - a wand of random effects (34)
 I - a wand of iceblast (8)
 S - a wand of scattershot (3)
Scrolls
 p - 3 scrolls of enchant armour
 r - 5 scrolls of immolation
 t - 4 scrolls of enchant weapon
 w - 4 scrolls of amnesia {unknown}
 A - a scroll of fog {unknown}
 C - 2 scrolls of noise {unknown}
 G - a scroll of remove curse {unknown}
 M - 2 scrolls of magic mapping {unknown}
 R - 3 scrolls of identify {@r1}
Potions
 d - 3 potions of might {Str+5 DMG+1d10 | @q3}
 h - 2 potions of agility {Stlth+ Dex+5 EV+5 | @q4}
 i - a potion of lignification {unknown}
 l - a potion of flight
 n - a potion of invisibility {unknown}
 o - 2 potions of magic
 s - 2 potions of cancellation
 E - a potion of resistance {rF+ rC+ rPois rElec rCorr}
 J - a potion of berserk rage {unknown}
 K - a potion of brilliance {unknown}
 L - a potion of ambrosia
 Q - 7 potions of curing
Comestibles
 z - 13 rations


   Skills:
 + Level 8.0 Fighting
 - Level 3.3(5.0) Axes
 + Level 5.8(6.3) Maces & Flails
 + Level 7.9 Armour
 + Level 5.9 Dodging
 + Level 8.9 Shields
 + Level 7.4 Invocations


You had 10 spell levels left.
You didn't know any spells.
Your spell library contained the following spells:

 Spells                   Type           Power        Failure   Level  Hunger
 Animate Skeleton         Necr           N/A          71%         1    ##.....
 Corona                   Hex            #......      71%         1    ##.....
 Pain                     Necr           #...         71%         1    ##.....
 Summon Small Mammal      Summ           #...         71%         1    ##.....
 Call Imp                 Summ           #.......     83%         2    ###....
 Slow                     Hex            #.......     83%         2    ###....
 Call Canine Familiar     Summ           #.......     97%         3    ####...
 Inner Flame              Hex/Fire       #.......     97%         3    ####...
 Portal Projectile        Hex/Tloc       #.....       97%         3    ####...
 Regeneration             Chrm/Necr      #.........   97%         3    ####...
 Summon Guardian Golem    Hex/Summ       #.......     97%         3    ####...
 Vampiric Draining        Necr           #.........   97%         3    ####...
 Animate Dead             Necr           N/A          100%        4    #####..
 Cause Fear               Hex            #.........   100%        4    #####..
 Leda's Liquefaction      Hex/Erth       #.........   100%        4    #####..
 Summon Ice Beast         Ice/Summ       #.......     100%        4    #####..
 Summon Lightning Spire   Summ/Air       #.......     100%        4    #####..


Dungeon Overview and Level Annotations

Branches:
Dungeon (8/15)             Temple (0/1) D:7
   Lair: D:8-11

Altars:
Cheibriados
Gozag
Hepliaklqana
Makhleb
Okawaru
Qazlal
Ru
Trog
Vehumet
Wu Jian
Zin
Beogh

Shops:
D:4 :


Innate Abilities, Weirdness & Mutations

You cannot be hasted, slowed, berserked, paralysed or teleported.
You can dig through walls and to a lower floor.
Your four strong arms can wield two-handed weapons with a shield.
You have a pair of large antennae on your head. (SInv)


Message History

The swamp worm bites you!
* * * LOW HITPOINT WARNING * * *
You regained 11 hp, and now have 21/86 hp.
You feel much better. The swamp worm bites you! The swamp worm bites you.
* * * LOW HITPOINT WARNING * * *
You regained 4 hp, and now have 25/86 hp.
Okay, then.
Evoke which item? (* to show all) (? for menu, Esc to quit)
Okay, then.
Evoke which item? (* to show all) (? for menu, Esc to quit)
Okay, then.
Are you sure you want to shaft yourself?
You are near starving!
The swamp worm closely misses you. The swamp worm bites you.
* * * LOW HITPOINT WARNING * * *
You begin to dig a shaft.
You continue digging a shaft.
The swamp worm bites you!
* * * LOW HITPOINT WARNING * * *
The swamp worm closely misses you. The swamp worm bites you!!
You die...

......## ##.##
.#.....#
######.####..#
..#...._# #..##...#
#..#.....#
###.......#
#>..#######
#≈≈≈≈≈≈≈..####....#
≈≈≈≈≈≈≈≈≈≈≈##...#
≈≈≈#######≈≈≈...###
≈≈ ≈≈≈≈≈#≈≈≈...#.#
≈ {≈≈≈≈≈≈P≈≈..w@##
≈≈≈≈≈#P≈≈..w..#
######≈≈≈........(
≈≈≈≈≈##.(>......
≈≈≈≈.####.........
#...# ##........
#... ##....... #..#
#.....#


You could see 2 swamp worms.

Vanquished Creatures
  Erica (D:8)
  Prince Ribbit (D:5)
  Sigmund (D:4)
  A spriggan (D:7)
  A sky beast (D:6)
  4 ice beasts
  3 black bears
  7 orc warriors
  3 phantoms
  3 ogres
  Blork the orc (D:4)
  6 bullfrogs
  A gnoll sergeant (D:7)
  A scorpion (D:6)
  9 killer bees
  3 wights (D:8)
  3 bullfrog zombies (Ossuary)
  5 crimson imps
  3 jellies
  A hound (D:7)
  10 orc priests
  4 orc wizards
  3 iguanas
  8 worker ants
  Terence (D:3)
  A killer bee zombie (Ossuary)
  13 mummies (Ossuary)
  2 howler monkey zombies
  7 worker ant zombies
  Robin (D:4)
  10 gnolls
  9 adders
  3 shadow imps
  A white imp (D:5)
  12 oozes
  7 adder zombies (Ossuary)
  2 adder skeletons (D:4)
  5 worms
  A dart slug (D:1)
  16 leopard geckos
  48 orcs
  20 giant cockroaches
  25 goblins
  12 hobgoblins
  13 jackals
  4 quokkas
  13 ball pythons
  A ball python zombie (Ossuary)
  7 bats
  9 frilled lizards
  A giant cockroach zombie (Ossuary)
  A jackal zombie (Ossuary)
  7 kobolds
  2 quokka zombies (Ossuary)
  13 rats
350 creatures vanquished.

Vanquished Creatures (others)
  2 plants (D:8)
2 creatures vanquished.

Grand Total: 352 creatures vanquished

Notes
Turn   | Place    | Note
-------+----------+-------------------------------------------
     0 | D:1      | Redear the Formicid Fighter began the quest for the Orb.
     0 | D:1      | Reached XP level 1. HP: 18/18 MP: 1/1
    56 | D:1      | Reached XP level 2. HP: 24/24 MP: 2/2
   428 | D:1      | Reached XP level 3. HP: 20/29 MP: 3/3
   629 | D:1      | Reached skill level 4 in Shields
   684 | D:2      | Reached skill level 1 in Dodging
   743 | D:2      | Reached XP level 4. HP: 37/37 MP: 4/4
  1036 | D:2      | Noticed an ice beast
  1053 | D:2      | Killed an ice beast
  1053 | D:2      | Reached skill level 4 in Fighting
  1053 | D:2      | Reached skill level 4 in Armour
  1053 | D:2      | Reached XP level 5. HP: 32/42 MP: 5/5
  1358 | D:3      | Found an iron altar of Okawaru.
  1366 | D:3      | Reached skill level 3 in Axes
  1378 | D:3      | Became a worshipper of Warmaster Okawaru
  1582 | D:3      | Noticed Terence
  1593 | D:3      | Killed Terence
  1593 | D:3      | Reached XP level 6. HP: 43/48 MP: 6/6
  1642 | D:3      | Reached skill level 2 in Dodging
  1951 | D:4      | Found Amezai's Book Boutique.
  2050 | D:4      | Noticed Blork the orc
  2064 | D:4      | Reached skill level 1 in Invocations
  2363 | D:4      | Found an opulent altar of Gozag.
  2363 | D:4      | Found a burning altar of Makhleb.
  2364 | D:4      | Found a radiant altar of Vehumet.
  2474 | D:4      | Reached skill level 5 in Shields
  2552 | D:4      | Got a warped whip
  2573 | D:4      | Identified the +7 whip of Hyssusk {flame, rF+} (You found
                  | it on level 4 of the Dungeon)
  2878 | D:4      | Reached XP level 7. HP: 46/55 MP: 8/8
  2901 | D:4      | Noticed Sigmund
  2913 | D:4      | Killed Sigmund
  2913 | D:4      | Reached * piety under Okawaru
  2913 | D:4      | Reached skill level 1 in Maces & Flails
  2913 | D:4      | Reached skill level 2 in Invocations
  3130 | D:4      | Noticed Robin
  3171 | D:4      | Killed Robin
  3499 | D:5      | Entered Level 5 of the Dungeon
  3515 | D:5      | Got an ancient trident
  3531 | D:5      | Reached skill level 5 in Fighting
  3609 | D:5      | Reached XP level 8. HP: 47/62 MP: 9/9
  3625 | D:5      | Reached skill level 5 in Armour
  3625 | D:5      | Reached skill level 3 in Dodging
  3686 | D:5      | Reached skill level 2 in Maces & Flails
  3686 | D:5      | Reached skill level 3 in Invocations
  3713 | D:5      | Noticed Prince Ribbit
  3726 | D:5      | HP: 3/62 [Prince Ribbit (15)]
  3752 | D:5      | Found a glowing silver altar of Zin.
  3753 | D:5      | Found a sacrificial altar of Ru.
  3753 | D:5      | Found a bloodstained altar of Trog.
  3754 | D:5      | Found a stormy altar of Qazlal.
  3763 | D:5      | Found a sand-covered staircase.
  3767 | D:5      | Reached ** piety under Okawaru
  3903 | Ossuary  | Entered an ossuary
  3962 | Ossuary  | Reached skill level 6 in Shields
  4065 | Ossuary  | HP: 1/63 [bog mummy (13)]
  4483 | Ossuary  | Reached skill level 4 in Invocations
  4508 | Ossuary  | Reached XP level 9. HP: 46/69 MP: 12/12
  4595 | D:5      | Reached skill level 3 in Maces & Flails
  4832 | D:5      | Found an ornate altar of the Wu Jian Council.
  5698 | D:5      | Killed Prince Ribbit
  5698 | D:5      | Reached skill level 6 in Fighting
  5698 | D:5      | Reached skill level 6 in Armour
  5698 | D:5      | Reached skill level 4 in Dodging
  5734 | D:4      | Killed Blork the orc
  5917 | D:6      | Reached skill level 7 in Shields
  5932 | D:6      | Reached skill level 5 in Invocations
  6008 | D:6      | Found a snail-covered altar of Cheibriados.
  6065 | D:6      | Reached skill level 4 in Maces & Flails
  6098 | D:6      | Reached *** piety under Okawaru
  6434 | D:6      | Found a glowing drain.
  6453 | Sewer    | Entered a sewer
  6697 | Sewer    | Reached XP level 10. HP: 71/77 MP: 14/14
  6847 | D:6      | Identified the +7 trident of Japhogib {holy, Dex+4 SInv}
                  | (You found it on level 5 of the Dungeon)
  6917 | D:6      | Reached skill level 7 in Fighting
  6972 | D:6      | Reached skill level 7 in Armour
  6972 | D:6      | Reached skill level 6 in Invocations
  6981 | D:6      | Reached skill level 5 in Dodging
  7325 | D:6      | Reached skill level 8 in Shields
  7405 | D:7      | Found a staircase to the Ecumenical Temple.
  7424 | D:7      | Reached skill level 5 in Maces & Flails
  7472 | D:7      | Found a hazy altar of Hepliaklqana.
  7596 | D:7      | Reached **** piety under Okawaru
  8480 | D:8      | Noticed Erica
  8509 | D:8      | Killed Erica
  8509 | D:8      | Reached ***** piety under Okawaru
  8509 | D:8      | Reached skill level 7 in Invocations
  8590 | D:8      | Reached XP level 11. HP: 66/86 MP: 14/16
  8601 | D:8      | Found a roughly hewn altar of Beogh.
  9151 | D:8      | Reached skill level 8 in Fighting
  9399 | D:8      | Mangled by a swamp worm

Levels and vault maps discovered:
D:1:      ncdulo_lavacross, layout_loops_cross, chequers_serial_rivers_micro_b
D:2:      layout_rooms
D:3:      layout_loops_ring, okawaru_altar_gauntlet_db, first_ration,
          uniq_terence
D:4:      kennysheep_goblin_castle, layout_cave_pods,
          gammafunk_temple_overflow_claw, serial_shops, shop_statue, uniq_robin,
          uniq_blork_the_orc, uniq_sigmund
D:5:      layout_layer_cave, chequers_temple_overflow_statue_of_worship,
          marbit_many_paths, enter_ossuary_1, minmay_fire_ice_demons,
          uniq_prince_ribbit1
D:6:      layout_gridville, portal_sewer_entry_b, basic_altar
D:7:      layout_loops_ring, old_standard_altar,
          minmay_temple_entry_butterflies, the_bakery, eino_tiny_chamber,
          dk_noncrumbling_3
D:8:      layout_layer_cave, special_room [special_room_orc], worms_lemuel,
          uniq_erica
Sewer:    sewer_frog_island_02
Ossuary:  ossuary_zaba_flooded

Skill      XL: |  1  2  3  4  5  6  7  8  9 10 11 |
---------------+----------------------------------+-----
Shields        | 4 5 6 7 8 |  8.9
Dodging        | 1 2 3 4 5 |  5.9
Fighting       | 4 5 6 7 8 |  8.0
Armour         | 4 5 6 7 |  7.9
Axes           | 3 |  3.3
Invocations    | 1 2 4 5 7 |  7.4
Maces & Flails | 1 2 4 5 |  5.8

Action                   |  1- 3 |  4- 6 |  7- 9 | 10-12 || total
-------------------------+-------+-------+-------+-------++-------
Melee: War axe           |    83 |   163 |       |       ||   246
       Whip              |       |    12 |   603 |   388 ||  1003
Invok: Heroism           |       |       |     8 |     4 ||    12
 Abil: Dig               |       |     2 |     6 |     1 ||     9
       Shaft Self        |       |       |       |     1 ||     1
Evoke: Wand              |       |       |       |     1 ||     1
  Use: Potion            |       |       |     5 |     3 ||     8
       Scroll            |       |       |     6 |     6 ||    12
  Eat: Chunk             |       |     3 |     8 |     8 ||    19
       Ration            |       |     1 |     2 |       ||     3
Armor: Scale mail        |    29 |    57 |   132 |    70 ||   288
Dodge: Dodged            |    23 |    66 |   201 |   147 ||   437
Block: Shield            |    43 |    94 |   291 |   195 ||   623

Table legend:
 A = Non-vault XP
 B = Vault XP
 C = Vault XP percentage of total XP
 D = Non-vault monster count
 E = Vault monster count
 F = Vault count percentage of total count
                 A         B        C        D         E       F
            +---------+---------+-------+---------+---------+-------
      Total |    5217 |    3578 |  40.7 |     191 |     159 |  45.4
            +---------+---------+-------+---------+---------+-------
        D:1 |      52 |       0 |   0.0 |      26 |       0 |   0.0
        D:2 |     166 |       0 |   0.0 |      19 |       0 |   0.0
        D:3 |      38 |      57 |  60.0 |      12 |       7 |  36.8
        D:4 |     276 |     370 |  57.3 |      23 |      22 |  48.9
        D:5 |     556 |     349 |  38.6 |      23 |       4 |  14.8
        D:6 |    1980 |       8 |   0.4 |      45 |       7 |  13.5
        D:7 |    1228 |     343 |  21.8 |      28 |       3 |   9.7
        D:8 |     921 |    1429 |  60.8 |      15 |      24 |  61.5
      Sewer |       0 |     374 | 100.0 |       0 |      56 | 100.0
    Ossuary |       0 |     648 | 100.0 |       0 |      36 | 100.0
            +---------+---------+-------+---------+---------+-------
